HSSL
OKLAHOMA CITY HS MAGICIANS @ OVERLAND PARK HS TRIPLETS
04/30/2030
 
TOP OF THE 1ST
Oklahoma City HS Magicians batting - Pitching for Overland Park HS Triplets : RHP Jason Vaughan
Pitching: RHP Jason Vaughan
Batting: LHB Pablo Fuentes 0-0: Called Strike
0-1: Ball
1-1: Ball
2-1: Ball
3-1: Foul Ball, location: 2F
3-2: Fly out, F7 (Flyball, 7S)
Batting: LHB Todd Davis 0-0: Ball
1-0: Called Strike
1-1: Ball
2-1: Foul Ball, location: 2F
2-2: Ball
3-2: Base on Balls
Batting: RHB Ken Wallace 0-0: Called Strike
0-1: Ball
1-1: Called Strike
1-2: Strikes out looking
Batting: LHB Marcus Hussey 0-0: Called Strike
0-1: Ball
Todd Davis steals 2nd base
1-1: SINGLE (Groundball, 34D)
Todd Davis to third
Runner from 3rd tries for Home, SAFE, no throw
Batting: RHB Edward Allen 0-0: Ball
1-0: Ball
2-0: Called Strike
2-1: Foul Ball, location: 2F
2-2: Foul Ball, location: 2F
2-2: Fly out, F8 (Flyball, 8RD)
Top of the 1st over - 1 run, 1 hit, 0 errors, 1 left on base; Oklahoma City HS 1 - Overland Park HS 0
BOTTOM OF THE 1ST
Overland Park HS Triplets batting - Pitching for Oklahoma City HS Magicians : RHP Júlio Cortéz
Pitching: RHP Júlio Cortéz
Batting: RHB Mark Simms 0-0: Fly out, F7 (Flyball, 7LSF)
Batting: RHB Eddie Stanton 0-0: Called Strike
0-1: Swinging Strike
0-2: Foul Ball, location: 2F
0-2: Ball
1-2: Foul Ball, location: 2F
1-2: Strikes out swinging
Batting: RHB Emery Cooper 0-0: Ball
1-0: Foul Ball, location: 2F
1-1: SINGLE (Line Drive, 78S)
Batting: RHB Alex Moran 0-0: Ball
1-0: Foul Ball, location: 2F
1-1: Swinging Strike
1-2: Ball
2-2: Ball
3-2: Strikes out looking
Bottom of the 1st over - 0 runs, 1 hit, 0 errors, 1 left on base; Oklahoma City HS 1 - Overland Park HS 0
TOP OF THE 2ND
Oklahoma City HS Magicians batting - Pitching for Overland Park HS Triplets : RHP Jason Vaughan
Batting: RHB Drew Richardson 0-0: Called Strike
0-1: DOUBLE (Line Drive, 7LD)
Batting: SHB Ron Robinson 0-0: Foul Ball, location: 2F
0-1: Foul Ball, location: 2F
0-2: Ball
1-2: SINGLE (Flyball, 78M)
Drew Richardson to third
Batting: LHB Jason Thomas 0-0: Fly out, F8 (Flyball, 8LD)
Runner from 3rd tags up, OUT at HOME
Ron Robinson to second
Batting: LHB Brian Bennett 0-0: Ball
1-0: Called Strike
1-1: Swinging Strike
1-2: Strikes out swinging
Top of the 2nd over - 0 runs, 2 hits, 0 errors, 1 left on base; Oklahoma City HS 1 - Overland Park HS 0
BOTTOM OF THE 2ND
Overland Park HS Triplets batting - Pitching for Oklahoma City HS Magicians : RHP Júlio Cortéz
Batting: SHB Pat Hill 0-0: Foul Ball, location: 2F
0-1: Ball
1-1: Ball
2-1: SINGLE (Line Drive, 8RM)
Batting: RHB Pablo Quintanilla 0-0: Called Strike
0-1: Foul Ball, location: 2F
0-2: Foul Ball, location: 2F
0-2: SINGLE (Line Drive, 7LS)
Pat Hill to second
Batting: RHB Al Kelly 0-0: Ball
1-0: Ball
2-0: Ball
3-0: Base on Balls
Pat Hill to third
Pablo Quintanilla to second
Batting: SHB John Hansen 0-0: Ball
1-0: Ball
2-0: Foul Ball, location: 2F
2-1: Swinging Strike
2-2: Strikes out looking
Batting: RHB Carson Doss 0-0: Ball
1-0: Fielders Choice at 2nd, 6-4 (Groundball, 6)
Pat Hill scores
Pablo Quintanilla to third
Batting: RHB Mark Simms 0-0: Ball
1-0: Called Strike
1-1: Foul Ball, location: 2F
1-2: Fly out, F8 (Flyball, 78D)
Bottom of the 2nd over - 1 run, 2 hits, 0 errors, 2 left on base; Oklahoma City HS 1 - Overland Park HS 1
TOP OF THE 3RD
Oklahoma City HS Magicians batting - Pitching for Overland Park HS Triplets : RHP Jason Vaughan
Batting: LHB Pablo Fuentes 0-0: Ball
1-0: Ball
2-0: Foul Ball, location: 2F
2-1: Ground out 6-3 (Groundball, 56)
Batting: LHB Todd Davis 0-0: Swinging Strike
0-1: Called Strike
0-2: Ball
1-2: Foul Ball, location: 2F
1-2: SINGLE (Groundball, 4MS) (infield hit)
Batting: RHB Ken Wallace 0-0: Ball
1-0: Ball
2-0: Called Strike
2-1: Ball
3-1: Swinging Strike
3-2: Foul Ball, location: 2F
3-2: Base on Balls
Todd Davis to second
Batting: LHB Marcus Hussey 0-0: Called Strike
0-1: Ball
1-1: Swinging Strike
1-2: Strikes out looking
Batting: RHB Edward Allen 0-0: Ball
1-0: Fielders Choice at 2nd, 5-4 (Groundball, 56)
Top of the 3rd over - 0 runs, 1 hit, 0 errors, 2 left on base; Oklahoma City HS 1 - Overland Park HS 1
BOTTOM OF THE 3RD
Overland Park HS Triplets batting - Pitching for Oklahoma City HS Magicians : RHP Júlio Cortéz
Batting: RHB Eddie Stanton 0-0: Ball
1-0: Ball
2-0: Ball
3-0: Called Strike
3-1: Base on Balls
Batting: RHB Emery Cooper 0-0: Called Strike
0-1: Fly out, F8 (Flyball, 8RM)
Batting: RHB Alex Moran 0-0: Ball
1-0: Called Strike
1-1: Foul Ball, location: 2F
1-2: Ball
2-2: Ball
3-2: Foul Ball, location: 2F
3-2: SINGLE (Groundball, 13S) (infield hit)
Eddie Stanton to second
Batting: SHB Pat Hill 0-0: Grounds into double play, 5-4-3 (Groundball, 5)
Bottom of the 3rd over - 0 runs, 1 hit, 0 errors, 1 left on base; Oklahoma City HS 1 - Overland Park HS 1
TOP OF THE 4TH
Oklahoma City HS Magicians batting - Pitching for Overland Park HS Triplets : RHP Jason Vaughan
Batting: RHB Drew Richardson 0-0: Ball
1-0: Ball
2-0: Swinging Strike
2-1: Foul Ball, location: 2F
2-2: Ball
3-2: Strikes out swinging
Batting: SHB Ron Robinson 0-0: Called Strike
0-1: Swinging Strike
0-2: Ball
1-2: Foul Ball, location: 2F
1-2: Strikes out swinging
Batting: LHB Jason Thomas 0-0: Foul Ball, location: 2F
0-1: SINGLE (Groundball, 15S) (infield hit)
Batting: LHB Brian Bennett 0-0: Ball
1-0: Ball
2-0: Ball
Jason Thomas is caught stealing 2nd base
Top of the 4th over - 0 runs, 1 hit, 0 errors, 0 left on base; Oklahoma City HS 1 - Overland Park HS 1
BOTTOM OF THE 4TH
Overland Park HS Triplets batting - Pitching for Oklahoma City HS Magicians : RHP Júlio Cortéz
Batting: RHB Pablo Quintanilla 0-0: Called Strike
0-1: Foul Ball, location: 2F
0-2: SINGLE (Line Drive, 6D)
Batting: RHB Al Kelly 0-0: Called Strike
Throwing error on steal attempt, E2
Pablo Quintanilla to third
0-1: Fly out, F9 (Flyball, 89S)
Runner from 3rd tags up, SCORES, throw made
Batting: SHB John Hansen 0-0: Foul Ball, location: 2F
0-1: Swinging Strike
0-2: Ground out 5-3 (Groundball, 5)
Batting: RHB Carson Doss 0-0: Ball
1-0: Fly out, F6 (Popup, 6)
Bottom of the 4th over - 1 run, 1 hit, 1 error, 0 left on base; Oklahoma City HS 1 - Overland Park HS 2
TOP OF THE 5TH
Oklahoma City HS Magicians batting - Pitching for Overland Park HS Triplets : RHP Jason Vaughan
Batting: LHB Brian Bennett 0-0: Fly out, F6 (Line Drive, 6M)
Batting: LHB Pablo Fuentes 0-0: Ball
1-0: Called Strike
1-1: Ground out 3-1 (Groundball, 34)
Batting: LHB Todd Davis 0-0: Called Strike
0-1: Ball
1-1: Foul Ball, location: 2F
1-2: Fly out, F7 (Flyball, 8LS)
Top of the 5th over - 0 runs, 0 hits, 0 errors, 0 left on base; Oklahoma City HS 1 - Overland Park HS 2
BOTTOM OF THE 5TH
Overland Park HS Triplets batting - Pitching for Oklahoma City HS Magicians : RHP Júlio Cortéz
Batting: RHB Mark Simms 0-0: Ball
1-0: SINGLE (Line Drive, 5)
Batting: RHB Eddie Stanton 0-0: Hit by Pitch
Mark Simms to second
Batting: RHB Emery Cooper 0-0: Foul Ball, location: 2F
0-1: Ball
1-1: Swinging Strike
1-2: Strikes out looking
Batting: RHB Alex Moran 0-0: Called Strike
0-1: Foul Ball, location: 2F
0-2: Ball
1-2: Ball
2-2: Strikes out looking
Batting: SHB Pat Hill 0-0: Fly out, F8 (Flyball, 8RS)
Bottom of the 5th over - 0 runs, 1 hit, 0 errors, 2 left on base; Oklahoma City HS 1 - Overland Park HS 2
TOP OF THE 6TH
Oklahoma City HS Magicians batting - Pitching for Overland Park HS Triplets : RHP Jason Vaughan
Pitching: LHP Mark Jacobs
Batting: RHB Ken Wallace 0-0: Ball
1-0: SINGLE (Line Drive, 9S)
Batting: LHB Marcus Hussey 0-0: Ball
1-0: Foul Ball, location: 2F
1-1: Swinging Strike
1-2: Foul Ball, location: 2F
1-2: Ball
2-2: SINGLE (Flyball, 9LS)
Ken Wallace to second
Batting: RHB Edward Allen 0-0: Ball
1-0: SINGLE (Line Drive, 34D)
Ken Wallace to third
Marcus Hussey to second
Batting: RHB Drew Richardson 0-0: Ball
1-0: Ball
2-0: Called Strike
2-1: Called Strike
2-2: Strikes out swinging
Batting: SHB Ron Robinson 0-0: Called Strike
0-1: Ball
1-1: Ball
2-1: Swinging Strike
2-2: Ball
3-2: SINGLE (Groundball, 34D)
Ken Wallace scores
Marcus Hussey to third
Edward Allen to second
Batting: LHB Jason Thomas 0-0: Called Strike
0-1: Ball
1-1: Ball
2-1: Foul Ball, location: 2F
2-2: Ball
3-2: Strikes out looking
Batting: LHB Brian Bennett 0-0: Ball
1-0: Ball
2-0: Fly out, F5 (Popup, 56)
Top of the 6th over - 1 run, 4 hits, 0 errors, 3 left on base; Oklahoma City HS 2 - Overland Park HS 2
BOTTOM OF THE 6TH
Overland Park HS Triplets batting - Pitching for Oklahoma City HS Magicians : RHP Júlio Cortéz
Batting: RHB Pablo Quintanilla 0-0: Fly out, F7 (Line Drive, 7)
Batting: RHB Al Kelly 0-0: Ball
1-0: Ball
2-0: Swinging Strike
2-1: Foul Ball, location: 2F
2-2: Ball
3-2: Foul Ball, location: 2F
3-2: Strikes out looking
Batting: SHB John Hansen 0-0: Called Strike
0-1: Called Strike
0-2: Strikes out looking
Bottom of the 6th over - 0 runs, 0 hits, 0 errors, 0 left on base; Oklahoma City HS 2 - Overland Park HS 2
TOP OF THE 7TH
Oklahoma City HS Magicians batting - Pitching for Overland Park HS Triplets : LHP Mark Jacobs
Batting: LHB Pablo Fuentes 0-0: Ball
1-0: Ball
2-0: Ball
3-0: Called Strike
3-1: Fly out, F7 (Line Drive, 7S)
Batting: LHB Todd Davis 0-0: Foul Ball, location: 2F
0-1: Swinging Strike
0-2: Ball
1-2: SOLO HOME RUN (Line Drive, 9LD), Distance : 357 ft
Pitching: RHP Richard Jones
Batting: RHB Ken Wallace 0-0: Ball
1-0: Called Strike
1-1: Ball
2-1: Swinging Strike
2-2: Ground out 6-3 (Groundball, 6)
Pitching: LHP Eric Robinson
Batting: LHB Marcus Hussey 0-0: Swinging Strike
0-1: SINGLE (Groundball, 34D)
Pitching: RHP Larry Madden
Batting: RHB Edward Allen 0-0: Foul Ball, location: 2F
0-1: Ground out U3 (Groundball, 3)
Top of the 7th over - 1 run, 2 hits, 0 errors, 1 left on base; Oklahoma City HS 3 - Overland Park HS 2
BOTTOM OF THE 7TH
Overland Park HS Triplets batting - Pitching for Oklahoma City HS Magicians : RHP Júlio Cortéz
Pitching: RHP Jeff Browne
Batting: RHB Carson Doss 0-0: Fly out, F3 (Popup, 23F)
Batting: RHB Mark Simms 0-0: Ball
1-0: Fly out, F8 (Flyball, 8RD)
Batting: RHB Eddie Stanton 0-0: Called Strike
0-1: Swinging Strike
0-2: Ball
1-2: Ball
2-2: Foul Ball, location: 2F
2-2: Ball
3-2: Strikes out swinging
Bottom of the 7th over - 0 runs, 0 hits, 0 errors, 0 left on base; Oklahoma City HS 3 - Overland Park HS 2
TOP OF THE 8TH
Oklahoma City HS Magicians batting - Pitching for Overland Park HS Triplets : RHP Larry Madden
Batting: RHB Drew Richardson 0-0: Ball
1-0: Ball
2-0: Called Strike
2-1: Swinging Strike
2-2: Strikes out swinging
Batting: SHB Ron Robinson 0-0: Ball
1-0: Called Strike
1-1: Ball
2-1: Ball
3-1: Ground out 6-3 (Groundball, 6M)
Batting: LHB Jason Thomas 0-0: Ball
1-0: Ball
2-0: Ball
3-0: Base on Balls
Batting: LHB Brian Bennett 0-0: Ball
1-0: Called Strike
1-1: Called Strike
Jason Thomas steals 2nd base
1-2: Strikes out swinging
Top of the 8th over - 0 runs, 0 hits, 0 errors, 1 left on base; Oklahoma City HS 3 - Overland Park HS 2
BOTTOM OF THE 8TH
Overland Park HS Triplets batting - Pitching for Oklahoma City HS Magicians : RHP Jeff Browne
Batting: RHB Emery Cooper 0-0: Foul Ball, location: 2F
0-1: Foul Ball, location: 2F
0-2: Strikes out swinging
Batting: RHB Alex Moran 0-0: SINGLE (Flyball, 9S)
Pitching: RHP Juan González
Batting: SHB Pat Hill 0-0: SINGLE (Groundball, 4MD)
Alex Moran to second
Batting: RHB Pablo Quintanilla 0-0: Called Strike
0-1: Called Strike
0-2: Ball
1-2: Ball
2-2: Ball
3-2: Grounds into double play, 5-4-3 (Groundball, 5)
Bottom of the 8th over - 0 runs, 2 hits, 0 errors, 1 left on base; Oklahoma City HS 3 - Overland Park HS 2
TOP OF THE 9TH
Oklahoma City HS Magicians batting - Pitching for Overland Park HS Triplets : RHP Larry Madden
Batting: LHB Pablo Fuentes 0-0: Ground out U3 (Groundball, 3L)
Batting: LHB Todd Davis 0-0: Swinging Strike
0-1: Ball
1-1: Ball
2-1: Ball
3-1: Base on Balls
Batting: RHB Ken Wallace 0-0: Called Strike
0-1: Ball
1-1: DOUBLE (Flyball, 89D)
Todd Davis to third
Runner from 3rd tries for Home, SAFE, throw made at trailing runner, SAFE at third!
Batting: LHB Marcus Hussey 0-0: Intentional Walk
Batting: RHB Edward Allen 0-0: Foul Ball, location: 2F
0-1: Ball
1-1: Swinging Strike
1-2: Foul Ball, location: 2F
1-2: Ball
2-2: Strikes out swinging
Batting: RHB Drew Richardson 0-0: Ball
1-0: Called Strike
1-1: Ball
2-1: Swinging Strike
2-2: Foul Ball, location: 2F
2-2: Ball
3-2: Foul Ball, location: 2F
3-2: Base on Balls
Marcus Hussey to second
Batting: SHB Ron Robinson 0-0: SINGLE (Flyball, 7S)
Ken Wallace scores
Marcus Hussey to third
Drew Richardson to second
Pitching: RHP Clint Smith
Batting: LHB Jason Thomas 0-0: Swinging Strike
0-1: Ball
1-1: Called Strike
1-2: Fly out, F5 (Line Drive, 5)
Top of the 9th over - 2 runs, 2 hits, 0 errors, 3 left on base; Oklahoma City HS 5 - Overland Park HS 2
BOTTOM OF THE 9TH
Overland Park HS Triplets batting - Pitching for Oklahoma City HS Magicians : RHP Juan González
Pitching: RHP Carlos Días
Batting: RHB Al Kelly 0-0: Called Strike
0-1: Ball
1-1: Swinging Strike
1-2: Strikes out swinging
Batting: SHB John Hansen 0-0: Swinging Strike
0-1: Swinging Strike
0-2: Strikes out swinging
Batting: RHB Carson Doss 0-0: Fly out, F7 (Flyball, 7LS)
Bottom of the 9th over - 0 runs, 0 hits, 0 errors, 0 left on base; Oklahoma City HS 5 - Overland Park HS 2
Saturday, April 7th, 2018 - OOTP Baseball 18.8 Build 76